MID
ATLANTA (MID) BRAVES @ AUGUSTA GREENJACKETS
08/19/2044
 
TOP OF THE 1ST
Atlanta (MID) Braves batting - Pitching for Augusta GreenJackets : RHP Josh Harriston
Pitching: RHP Josh Harriston
Batting: LHB Bobby Upton 0-0: Ball
1-0: Fly out, F9 (Flyball, 89M, EV 83.8 MPH)
Batting: LHB Tommy Williams 0-0: Called Strike
0-1: Foul Ball, location: 2F
0-2: Ball
1-2: Strikes out swinging
Batting: SHB Richello Badua 0-0: Ball
1-0: Foul Ball, location: 2F
1-1: Ball
2-1: Swinging Strike
2-2: Ball
3-2: Base on Balls
Batting: RHB Mike Shook 0-0: Called Strike
0-1: Ball
1-1: DOUBLE (Line Drive, 8RD, EV 106.9 MPH)
Richello Badua to third
Batting: LHB Travis Lazaro 0-0: SINGLE (Groundball, 6, EV 99.4 MPH)
Richello Badua scores
Mike Shook to third
Runner from 3rd tries for Home, throw by CF and OUT! 8-2
Top of the 1st over - 1 run, 2 hits, 0 errors, 1 left on base; Atlanta (MID) 1 - Augusta 0
BOTTOM OF THE 1ST
Augusta GreenJackets batting - Pitching for Atlanta (MID) Braves : RHP Sean Geer
Pitching: RHP Sean Geer
Batting: LHB Kevin Kantor 0-0: Foul Ball, location: 2F
0-1: Ball
1-1: TRIPLE (Line Drive, 78XD, EV 103.1 MPH)
Batting: RHB Mike Buchanan 0-0: Fly out, F8 (Flyball, 8RS, EV 83.8 MPH)
Batting: LHB James Wheaton 0-0: Ball
1-0: Ball
2-0: Ball
3-0: Called Strike
3-1: Fly out, F7 (Flyball, 78M, EV 88.8 MPH)
Batting: LHB Gabe Velez 0-0: Ball
1-0: Swinging Strike
1-1: Ball
2-1: Foul Ball, location: 2F
2-2: SINGLE (Groundball, 25, EV 68.8 MPH) (infield hit)
Kevin Kantor scores
Batting: RHB Chris King 0-0: Called Strike
0-1: Called Strike
0-2: Ball
1-2: Strikes out looking
Bottom of the 1st over - 1 run, 2 hits, 0 errors, 1 left on base; Atlanta (MID) 1 - Augusta 1
TOP OF THE 2ND
Atlanta (MID) Braves batting - Pitching for Augusta GreenJackets : RHP Josh Harriston
Batting: RHB Andy Cunningham 0-0: Ball
1-0: Ball
2-0: Fly out, F3 (Popup, 3L, EV 71.3 MPH)
Batting: RHB Nick Platt 0-0: Ball
1-0: Called Strike
1-1: Swinging Strike
1-2: Ball
2-2: Foul Ball, location: 2F
2-2: Strikes out swinging
Batting: SHB Juan Aguilar 0-0: Ball
1-0: Ball
2-0: Ball
3-0: Base on Balls
Batting: RHB Bobby Light 0-0: Fly out, F3 (Popup, 3SF, EV 83.8 MPH)
Top of the 2nd over - 0 runs, 0 hits, 0 errors, 1 left on base; Atlanta (MID) 1 - Augusta 1
BOTTOM OF THE 2ND
Augusta GreenJackets batting - Pitching for Atlanta (MID) Braves : RHP Sean Geer
Batting: RHB Drew Duncan 0-0: Ball
1-0: Ball
2-0: Ball
3-0: Called Strike
3-1: Called Strike
3-2: Strikes out looking
Batting: RHB Juan Flores 0-0: Ball
1-0: Called Strike
1-1: Foul Ball, location: 2F
1-2: Ball
2-2: Ball
3-2: Base on Balls
Batting: RHB Devin Lowery 0-0: Foul Ball, location: 2F
0-1: Grounds into double play, 1-6-3 (Groundball, 34S, EV 71.3 MPH)
Bottom of the 2nd over - 0 runs, 0 hits, 0 errors, 0 left on base; Atlanta (MID) 1 - Augusta 1
TOP OF THE 3RD
Atlanta (MID) Braves batting - Pitching for Augusta GreenJackets : RHP Josh Harriston
Batting: LHB Bobby Upton 0-0: Foul Ball, location: 2F
0-1: Ball
1-1: Ground out 5-3 (Groundball, 56, EV 96.9 MPH)
Batting: LHB Tommy Williams 0-0: Called Strike
0-1: Ball
1-1: Foul Ball, location: 2F
1-2: Ground out 6-3 (Groundball, 6, EV 84.4 MPH)
Batting: SHB Richello Badua 0-0: Ball
1-0: Ball
2-0: Called Strike
2-1: Foul Ball, location: 2F
2-2: Strikes out swinging
Top of the 3rd over - 0 runs, 0 hits, 0 errors, 0 left on base; Atlanta (MID) 1 - Augusta 1
BOTTOM OF THE 3RD
Augusta GreenJackets batting - Pitching for Atlanta (MID) Braves : RHP Sean Geer
Batting: RHB Mike Jones 0-0: Ball
1-0: Ball
2-0: Foul Ball, location: 2F
2-1: Ball
3-1: Foul Ball, location: 2F
3-2: Base on Balls
Batting: LHB Kevin Kantor 0-0: Called Strike
0-1: Foul Ball, location: 2F
0-2: Ball
1-2: Grounds into double play, 4-6-3 (Groundball, 4, EV 98.8 MPH)
Batting: RHB Mike Buchanan 0-0: Called Strike
0-1: Ball
1-1: Fly out, F7 (Flyball, 78D, EV 93.1 MPH)
Bottom of the 3rd over - 0 runs, 0 hits, 0 errors, 0 left on base; Atlanta (MID) 1 - Augusta 1
TOP OF THE 4TH
Atlanta (MID) Braves batting - Pitching for Augusta GreenJackets : RHP Josh Harriston
Batting: RHB Mike Shook 0-0: Ball
1-0: SINGLE (Groundball, 4MD, EV 103.1 MPH)
Batting: LHB Travis Lazaro 0-0: Foul Ball, location: 2F
0-1: Grounds into double play, 5-4-3 (Groundball, 5, EV 83.1 MPH)
Batting: RHB Andy Cunningham 0-0: Fly out, F9 (Flyball, 89D, EV 94.4 MPH)
Top of the 4th over - 0 runs, 1 hit, 0 errors, 0 left on base; Atlanta (MID) 1 - Augusta 1
BOTTOM OF THE 4TH
Augusta GreenJackets batting - Pitching for Atlanta (MID) Braves : RHP Sean Geer
Batting: LHB James Wheaton 0-0: Foul Ball, location: 2F
0-1: Foul Ball, location: 2F
0-2: Ball
1-2: Ball
2-2: SINGLE (Flyball, 5D, EV 85.0 MPH)
Batting: LHB Gabe Velez 0-0: Called Strike
0-1: Ball
1-1: Foul Ball, location: 2F
1-2: Ball
2-2: Foul Ball, location: 2F
2-2: Ball
3-2: Foul Ball, location: 2F
3-2: Base on Balls
James Wheaton to second
Batting: RHB Chris King 0-0: Called Strike
0-1: Ball
1-1: Ball
Wild Pitch!
James Wheaton to third
Gabe Velez to second
2-1: Foul Ball, location: 2F
2-2: Fly out, F4 (Line Drive, 4, EV 67.5 MPH)
Lined into DP, 4-6 (Line Drive, 4, EV 66.9 MPH)
Batting: RHB Drew Duncan 0-0: Ball
1-0: Ball
2-0: Foul Ball, location: 2F
2-1: SINGLE (Line Drive, 8LS, EV 105.0 MPH)
James Wheaton scores
Batting: RHB Juan Flores 0-0: Ball
1-0: Ball
2-0: Foul Ball, location: 2F
2-1: Called Strike
2-2: Foul Ball, location: 2F
2-2: Ball
3-2: Ground out 6-3 (Groundball, 6, EV 86.3 MPH)
Bottom of the 4th over - 1 run, 2 hits, 0 errors, 1 left on base; Atlanta (MID) 1 - Augusta 2
TOP OF THE 5TH
Atlanta (MID) Braves batting - Pitching for Augusta GreenJackets : RHP Josh Harriston
Batting: RHB Nick Platt 0-0: Ball
1-0: Ground out 5-3 (Groundball, 56, EV 83.8 MPH)
Batting: SHB Juan Aguilar 0-0: Ball
1-0: Ball
2-0: Ball
3-0: Called Strike
3-1: Ground out U3 (Groundball, 3, EV 88.1 MPH)
Batting: RHB Bobby Light 0-0: Called Strike
0-1: Ball
1-1: Ball
2-1: Called Strike
2-2: Ball
3-2: Foul Ball, location: 2F
3-2: Ground out 6-3 (Groundball, 6S, EV 89.4 MPH)
Top of the 5th over - 0 runs, 0 hits, 0 errors, 0 left on base; Atlanta (MID) 1 - Augusta 2
BOTTOM OF THE 5TH
Augusta GreenJackets batting - Pitching for Atlanta (MID) Braves : RHP Sean Geer
Batting: RHB Devin Lowery 0-0: Ball
1-0: Fly out, F9 (Flyball, 9LM, EV 95.6 MPH)
Batting: RHB Mike Jones 0-0: Ball
1-0: Called Strike
1-1: Called Strike
1-2: Fly out, F8 (Flyball, 8LS, EV 86.9 MPH)
Batting: LHB Kevin Kantor 0-0: Ball
1-0: Ball
2-0: Called Strike
2-1: Ball
3-1: Called Strike
3-2: Ground out U3 (Groundball, 3L, EV 90.6 MPH)
Bottom of the 5th over - 0 runs, 0 hits, 0 errors, 0 left on base; Atlanta (MID) 1 - Augusta 2
TOP OF THE 6TH
Atlanta (MID) Braves batting - Pitching for Augusta GreenJackets : RHP Josh Harriston
Batting: LHB Bobby Upton 0-0: Called Strike
0-1: Foul Ball, location: 2F
0-2: Ground out 1-3 (Groundball, 15S, EV 75.6 MPH)
Batting: LHB Tommy Williams 0-0: Called Strike
0-1: Ball
1-1: Ground out 5-3 (Groundball, 56S, EV 90.6 MPH)
Batting: SHB Richello Badua 0-0: SOLO HOME RUN (Line Drive, 7D, EV 98.1 MPH), Distance : 382 ft
Batting: RHB Mike Shook 0-0: Ground out 4-3 (Groundball, 4, EV 90.0 MPH)
Top of the 6th over - 1 run, 1 hit, 0 errors, 0 left on base; Atlanta (MID) 2 - Augusta 2
BOTTOM OF THE 6TH
Augusta GreenJackets batting - Pitching for Atlanta (MID) Braves : RHP Sean Geer
Batting: RHB Mike Buchanan 0-0: Ball
1-0: Ball
2-0: Ball
3-0: Base on Balls
Batting: LHB James Wheaton 0-0: Fly out, F7 (Flyball, 78S, EV 77.5 MPH)
Batting: LHB Gabe Velez 0-0: Called Strike
0-1: Ball
Mike Buchanan is caught stealing 2nd base 2-6
1-1: Foul Ball, location: 2F
1-2: Ball
2-2: Ball
3-2: Foul Ball, location: 2F
3-2: SOLO HOME RUN (Flyball, 89XD, EV 110.6 MPH), Distance : 412 ft
Batting: RHB Chris King 0-0: Called Strike
0-1: Swinging Strike
0-2: Ball
1-2: Ball
2-2: Strikes out swinging
Bottom of the 6th over - 1 run, 1 hit, 0 errors, 0 left on base; Atlanta (MID) 2 - Augusta 3
TOP OF THE 7TH
Atlanta (MID) Braves batting - Pitching for Augusta GreenJackets : RHP Josh Harriston
Batting: LHB Travis Lazaro 0-0: Called Strike
0-1: Foul Ball, location: 2F
0-2: Ball
1-2: Foul Ball, location: 2F
1-2: Ground out 1-3 (Groundball, 13, EV 61.3 MPH)
Batting: RHB Andy Cunningham 0-0: Foul Ball, location: 2F
0-1: Swinging Strike
0-2: SINGLE (Groundball, 6MD, EV 105.6 MPH)
Batting: RHB Nick Platt 0-0: Called Strike
Andy Cunningham steals 2nd base
0-1: Foul Ball, location: 2F
0-2: Ball
1-2: SINGLE (Groundball, P, EV 81.3 MPH) (infield hit)
Andy Cunningham to third
Batting: SHB Juan Aguilar 0-0: Called Strike
0-1: Called Strike
0-2: Ball
1-2: Ball
2-2: Ball
3-2: Base on Balls
Nick Platt to second
Batting: RHB Bobby Light 0-0: Ball
1-0: Ball
2-0: Foul Ball, location: 2F
2-1: Ball
3-1: Foul Ball, location: 2F
3-2: Fly out, F7 (Line Drive, 7S, EV 88.8 MPH)
Pitching: LHP Travis Stichter
Batting: LHB Bobby Upton 0-0: Ball
1-0: Ball
2-0: Foul Ball, location: 2F
2-1: Fly out, F7 (Flyball, 78XD, EV 105.0 MPH)
Top of the 7th over - 0 runs, 2 hits, 0 errors, 3 left on base; Atlanta (MID) 2 - Augusta 3
BOTTOM OF THE 7TH
Augusta GreenJackets batting - Pitching for Atlanta (MID) Braves : RHP Sean Geer
Batting: RHB Drew Duncan 0-0: Fly out, F3 (Popup, 34, EV 61.9 MPH)
Batting: RHB Juan Flores 0-0: Ball
1-0: Ball
2-0: Ground out 6-3 (Groundball, 6MD, EV 103.1 MPH)
Batting: RHB Devin Lowery 0-0: Called Strike
0-1: Swinging Strike
0-2: Ball
1-2: Ball
2-2: Ball
3-2: Base on Balls
Pitching: RHP Tom Lessor
Batting: RHB Mike Jones 0-0: Called Strike
0-1: Ball
Devin Lowery steals 2nd base
1-1: Ball
2-1: Ball
3-1: Called Strike
3-2: Fly out, F7 (Flyball, 78S, EV 87.5 MPH)
Bottom of the 7th over - 0 runs, 0 hits, 0 errors, 1 left on base; Atlanta (MID) 2 - Augusta 3
TOP OF THE 8TH
Atlanta (MID) Braves batting - Pitching for Augusta GreenJackets : LHP Travis Stichter
Batting: LHB Tommy Williams 0-0: Foul Ball, location: 2F
0-1: Ball
1-1: Ball
2-1: Ball
3-1: Foul Ball, location: 2F
3-2: Base on Balls
Batting: SHB Richello Badua 0-0: Ball
1-0: Ball
2-0: SINGLE (Line Drive, 6MD, EV 93.8 MPH)
Tommy Williams to second
Batting: RHB Mike Shook 0-0: Ball
1-0: Swinging Strike
1-1: Swinging Strike
1-2: Foul Ball, location: 2F
1-2: Ball
2-2: Ball
3-2: 3-RUN HOME RUN (Flyball, 7LD, EV 95.6 MPH), Distance : 340 ft
Pitching: RHP Ron Riley
Batting: LHB Travis Lazaro 0-0: Ball
1-0: Called Strike
1-1: Ball
2-1: Swinging Strike
2-2: Ball
3-2: Ground out 1-3 (Groundball, P, EV 68.8 MPH)
Batting: RHB Andy Cunningham 0-0: Ball
1-0: Foul Ball, location: 2F
1-1: Swinging Strike
1-2: Foul Ball, location: 2F
1-2: Ball
2-2: Ball
3-2: Foul Ball, location: 2F
3-2: Strikes out swinging
Batting: RHB Nick Platt 0-0: Ball
1-0: Called Strike
1-1: Ball
2-1: Ground out 4-3 (Groundball, 4, EV 90.0 MPH)
Top of the 8th over - 3 runs, 2 hits, 0 errors, 0 left on base; Atlanta (MID) 5 - Augusta 3
BOTTOM OF THE 8TH
Augusta GreenJackets batting - Pitching for Atlanta (MID) Braves : RHP Tom Lessor
Batting: LHB Kevin Kantor 0-0: Ball
1-0: Foul Ball, location: 2F
1-1: Fly out, F6 (Popup, 6M, EV 58.8 MPH)
Batting: RHB Mike Buchanan 0-0: Foul Ball, location: 2F
0-1: Fly out, F7 (Flyball, 78XD, EV 106.3 MPH)
Batting: LHB James Wheaton 0-0: Called Strike
0-1: Foul Ball, location: 2F
0-2: Strikes out swinging
Bottom of the 8th over - 0 runs, 0 hits, 0 errors, 0 left on base; Atlanta (MID) 5 - Augusta 3
TOP OF THE 9TH
Atlanta (MID) Braves batting - Pitching for Augusta GreenJackets : RHP Ron Riley
Pitching: RHP Mike Richards
Batting: SHB Juan Aguilar 0-0: Ball
1-0: Foul Ball, location: 2F
1-1: Ball
2-1: Foul Ball, location: 2F
2-2: Strikes out swinging
Batting: RHB Bobby Light 0-0: Ground out 5-3 (Groundball, 56S, EV 85.6 MPH)
Batting: LHB Bobby Upton 0-0: SINGLE (Groundball, 4MD, EV 109.4 MPH)
Batting: LHB Tommy Williams 0-0: Ball
Wild Pitch!
Bobby Upton to second
1-0: Ball
2-0: Ground out 6-3 (Groundball, 6, EV 87.5 MPH)
Top of the 9th over - 0 runs, 1 hit, 0 errors, 1 left on base; Atlanta (MID) 5 - Augusta 3
BOTTOM OF THE 9TH
Augusta GreenJackets batting - Pitching for Atlanta (MID) Braves : RHP Tom Lessor
Pitching: RHP Jeff Heaster
Batting: LHB Gabe Velez 0-0: SOLO HOME RUN (Flyball, 7D, EV 100.6 MPH), Distance : 384 ft
Batting: RHB Chris King 0-0: Ball
1-0: Called Strike
1-1: Foul Ball, location: 2F
1-2: Ball
2-2: Foul Ball, location: 2F
2-2: Foul Ball, location: 2F
2-2: Ball
3-2: SOLO HOME RUN (Flyball, 8RXD, EV 115.6 MPH), Distance : 457 ft
Batting: RHB Drew Duncan 0-0: Ball
1-0: Foul Ball, location: 2F
1-1: Foul Ball, location: 2F
1-2: Ball
2-2: Ball
3-2: Fly out, F7 (Flyball, 78S, EV 98.1 MPH)
Batting: RHB Juan Flores 0-0: Ball
1-0: Ball
2-0: Foul Ball, location: 2F
2-1: Reached on error, E6 (Groundball, 6MS, EV 68.8 MPH)
Batting: RHB Devin Lowery 0-0: Fly out, F9 (Flyball, 9, EV 87.5 MPH)
Batting: RHB Mike Jones 0-0: Ball
1-0: Called Strike
1-1: Called Strike
Juan Flores steals 2nd base
1-2: Ball
2-2: Foul Ball, location: 2F
2-2: Ground out 1-3 (Groundball, 13, EV 73.1 MPH)
Bottom of the 9th over - 2 runs, 2 hits, 1 error, 1 left on base; Atlanta (MID) 5 - Augusta 5
TOP OF THE 10TH
Atlanta (MID) Braves batting - Pitching for Augusta GreenJackets : RHP Mike Richards
Batting: SHB Richello Badua 0-0: Ball
1-0: Ball
2-0: Ball
3-0: Base on Balls
Batting: RHB Mike Shook 0-0: Called Strike
0-1: Ball
1-1: Ball
Richello Badua is caught stealing 2nd base 2-4
2-1: Ground out 4-3 (Groundball, 4, EV 100.0 MPH)
Batting: LHB Travis Lazaro 0-0: Ball
1-0: Called Strike
1-1: Ball
2-1: Foul Ball, location: 2F
2-2: Foul Ball, location: 2F
2-2: SINGLE (Flyball, 56D, EV 86.3 MPH)
Batting: RHB Andy Cunningham 0-0: Called Strike
0-1: Ball
1-1: Ball
Travis Lazaro steals 2nd base (no throw)
2-1: SINGLE (Line Drive, 3D, EV 100.6 MPH)
Travis Lazaro to third
Runner from 3rd tries for Home, throw by RF and OUT! 9-2
Top of the 10th over - 0 runs, 2 hits, 0 errors, 1 left on base; Atlanta (MID) 5 - Augusta 5
BOTTOM OF THE 10TH
Augusta GreenJackets batting - Pitching for Atlanta (MID) Braves : RHP Jeff Heaster
Pitching: RHP Josh Thomas
Batting: LHB Kevin Kantor 0-0: Ball
1-0: Called Strike
1-1: Foul Ball, location: 2F
1-2: Foul Ball, location: 2F
1-2: Foul Ball, location: 2F
1-2: Ball
2-2: Ground out 4-3 (Groundball, 4, EV 86.9 MPH)
Batting: RHB Mike Buchanan 0-0: Ball
1-0: Ball
2-0: Ball
3-0: Called Strike
3-1: Ground out 4-3 (Groundball, 4, EV 83.8 MPH)
Batting: LHB James Wheaton 0-0: Ball
1-0: Called Strike
1-1: Ground out 4-3 (Groundball, 4, EV 85.0 MPH)
Bottom of the 10th over - 0 runs, 0 hits, 0 errors, 0 left on base; Atlanta (MID) 5 - Augusta 5
TOP OF THE 11TH
Atlanta (MID) Braves batting - Pitching for Augusta GreenJackets : RHP Mike Richards
Pinch Hitting: RHB Corey Dalton 0-0: Ball
1-0: Ball
2-0: Ball
3-0: Base on Balls
Batting: SHB Juan Aguilar 0-0: Ball
1-0: Ball
2-0: Ball
3-0: Called Strike
3-1: Called Strike
3-2: Foul Ball, location: 2F
3-2: Strikes out swinging
Batting: RHB Bobby Light 0-0: Ball
1-0: Ball
2-0: Ball
3-0: Called Strike
3-1: Fly out, F3 (Popup, 3SF, EV 68.8 MPH)
Pitching: LHP Ian Martin
Batting: LHB Bobby Upton 0-0: Ball
1-0: Ground out U3 (Groundball, 3S, EV 80.0 MPH)
Top of the 11th over - 0 runs, 0 hits, 0 errors, 1 left on base; Atlanta (MID) 5 - Augusta 5
BOTTOM OF THE 11TH
Augusta GreenJackets batting - Pitching for Atlanta (MID) Braves : RHP Josh Thomas
Now at C: Brian Huebner
Batting: LHB Gabe Velez 0-0: Called Strike
0-1: Ball
1-1: Called Strike
1-2: Foul Ball, location: 2F
1-2: Foul Ball, location: 2F
1-2: Strikes out swinging
Batting: RHB Chris King 0-0: Called Strike
0-1: Ground out 2-3 (Groundball, 13S, EV 63.8 MPH)
Batting: RHB Drew Duncan 0-0: Ball
1-0: Ball
2-0: Called Strike
2-1: Foul Ball, location: 2F
2-2: SINGLE (Groundball, 56D, EV 100.0 MPH)
Batting: RHB Juan Flores 0-0: Called Strike
0-1: Ball
1-1: Foul Ball, location: 2F
1-2: Foul Ball, location: 2F
1-2: Ball
2-2: Foul Ball, location: 2F
2-2: Ground out U3 (Groundball, 3, EV 86.9 MPH)
Bottom of the 11th over - 0 runs, 1 hit, 0 errors, 1 left on base; Atlanta (MID) 5 - Augusta 5
TOP OF THE 12TH
Atlanta (MID) Braves batting - Pitching for Augusta GreenJackets : LHP Ian Martin
Batting: LHB Tommy Williams 0-0: Ball
1-0: Ground out 6-3 (Groundball, 6, EV 89.4 MPH)
Batting: SHB Richello Badua 0-0: Ball
1-0: Ball
2-0: Fly out, F8 (Flyball, 89M, EV 97.5 MPH)
Batting: RHB Mike Shook 0-0: SINGLE (Flyball, 34D, EV 95.6 MPH)
Batting: LHB Travis Lazaro 0-0: Ball
1-0: Called Strike
1-1: Fielders Choice at 2nd, 5-4 (Groundball, 56, EV 102.5 MPH)
Top of the 12th over - 0 runs, 1 hit, 0 errors, 1 left on base; Atlanta (MID) 5 - Augusta 5
BOTTOM OF THE 12TH
Augusta GreenJackets batting - Pitching for Atlanta (MID) Braves : RHP Josh Thomas
Batting: RHB Devin Lowery 0-0: Called Strike
0-1: Swinging Strike
0-2: Foul Ball, location: 2F
0-2: Ball
1-2: Strikes out swinging
Pitching: RHP Todd Cox
Batting: RHB Mike Jones 0-0: Fly out, F4 (Line Drive, 4, EV 64.4 MPH)
Batting: LHB Kevin Kantor 0-0: Ball
1-0: Ball
2-0: DOUBLE (Flyball, 8LXD, EV 100.6 MPH)
Batting: RHB Mike Buchanan 0-0: Foul Ball, location: 2F
0-1: Swinging Strike
0-2: Ball
1-2: Foul Ball, location: 2F
1-2: Foul Ball, location: 2F
1-2: Foul Ball, location: 2F
1-2: Ground out 4-3 (Groundball, 4S, EV 88.1 MPH)
Bottom of the 12th over - 0 runs, 1 hit, 0 errors, 1 left on base; Atlanta (MID) 5 - Augusta 5
TOP OF THE 13TH
Atlanta (MID) Braves batting - Pitching for Augusta GreenJackets : LHP Ian Martin
Batting: RHB Andy Cunningham 0-0: Foul Ball, location: 2F
0-1: Ball
1-1: SINGLE (Line Drive, 56D, EV 103.8 MPH)
Batting: RHB Brian Huebner 0-0: Ball
1-0: Ball
2-0: Swinging Strike
2-1: Called Strike
2-2: Foul Ball, location: 2F
2-2: Grounds into double play, 5-4-3 (Groundball, 56, EV 97.5 MPH)
Batting: SHB Juan Aguilar 0-0: Called Strike
0-1: Called Strike
0-2: Ball
1-2: Fly out, F8 (Flyball, 8RS, EV 90.6 MPH)
Top of the 13th over - 0 runs, 1 hit, 0 errors, 0 left on base; Atlanta (MID) 5 - Augusta 5
BOTTOM OF THE 13TH
Augusta GreenJackets batting - Pitching for Atlanta (MID) Braves : RHP Todd Cox
Batting: LHB James Wheaton 0-0: Ground out 6-3 (Groundball, 6, EV 89.4 MPH)
Batting: LHB Gabe Velez 0-0: Ball
1-0: Foul Ball, location: 2F
1-1: Swinging Strike
1-2: Ball
2-2: Foul Ball, location: 2F
2-2: Ball
3-2: Foul Ball, location: 2F
3-2: SOLO HOME RUN (Flyball, 9LD, EV 94.4 MPH), Distance : 328 ft
Bottom of the 13th over - 1 run, 1 hit, 0 errors, 0 left on base; Atlanta (MID) 5 - Augusta 6
Game Over ... Augusta defeats Atlanta (MID), 6 to 5
Thursday, March 31st , 2022 - OOTP Baseball 22.12 Build 89